 Dungeon Crawl Stone Soup version 0.19.0-23-gf02e663 (webtiles) character file.

58 GordonOverkill the Grave Robber (level 4, -9/35 HPs)
             Began as a Formicid Necromancer on Nov 20, 2016.
             Mangled by an ogre
             ... wielding a +0 giant club
              (28 damage)
             ... in the Ecumenical Temple.
             The game lasted 00:06:21 (2768 turns).

GordonOverkill the Grave Robber (FoNe)              Turns: 2768, Time: 00:06:22

Health: -9/35      AC:  7    Str: 13    XL:     4   Next: 20%
Magic:  7/7        EV: 10    Int: 15    God:
Gold:   87         SH:  0    Dex: 11    Spells: 2 memorised, 5 levels left

rFire  . . .     SeeInvis +     o - +2 whip (elec)
rCold  . . .     Gourm    .     p - +0 ring mail
rNeg   . . .     Faith    .     (no shield)
rPois  .         Spirit   .     (helmet unavailable)
rElec  .         Reflect  .     (no cloak)
rCorr  .         Harm     .     (no gloves)
MR     .....                    i - +0 pair of boots
Stlth  +.........               (no amulet)
                                (no ring)
                                g - +1 ring of protection

@: no status effects
A: permanent stasis, dig shafts and tunnels, four strong arms, antennae 3
a: Dig, Shaft Self


You were in the Ecumenical Temple.
You were hungry.

You visited 2 branches of the dungeon, and saw 4 of its levels.

You collected 87 gold pieces.

Inventory:

Hand Weapons
 o - a +2 whip of electrocution (weapon)
Armour
 i - a +0 pair of boots (worn)
 p - a +0 ring mail (worn)
Jewellery
 g - a +1 ring of protection (left hand)
Scrolls
 a - a scroll of blinking {unknown}
 d - a scroll of amnesia {unknown}
Potions
 f - a potion of mutation {unknown}
 h - a potion of beneficial mutation {unknown}
 n - a potion of brilliance {unknown}
Books
 b - a book of Necromancy

   Spells                             Type                      Level
   a - Pain                           Necromancy                   1
   b - Animate Skeleton               Necromancy                   1
   c - Vampiric Draining              Necromancy                   3
   d - Regeneration                   Charms/Necromancy            3
   e - Animate Dead                   Necromancy                   4
   f - Control Undead                 Necromancy                   4
Comestibles
 c - 2 bread rations
 l - 2 meat rations


   Skills:
 + Level 3.2 Fighting
 + Level 1.5 Maces & Flails
 - Level 1.7 Dodging
 - Level 2.4 Stealth
 - Level 2.1 Spellcasting
 - Level 4.0 Necromancy


You had 5 spell levels left.
You knew the following spells:

 Your Spells              Type           Power        Failure   Level  Hunger
a - Pain                  Necr           ##..         12%         1    #......
b - Animate Skeleton      Necr           N/A          12%         1    #......


Dungeon Overview and Level Annotations

Branches:
Dungeon (4/15)             Temple (1/1) D:4

Altars:
Cheibriados
Dithmenos
Elyvilon
Fedhas
Gozag
Hepliaklqana
Kikubaaqudgha
Qazlal
Ru
Uskayaw
Vehumet
Xom
Yredelemnul
Zin
The Shining One

Annotations:
D:2 Sigmund


Innate Abilities, Weirdness & Mutations

You are under a permanent stasis effect.
You can dig through walls and to a lower floor.
Your four strong arms can wield two-handed weapons with a shield.
You have a pair of large antennae on your head. (SInv)


Message History

The ogre hits you with a giant club!
You barely miss the ogre.
The ogre is heavily wounded.
The ogre barely misses you.
You barely miss the ogre.
The ogre is heavily wounded.
The ogre hits you with a giant club.
You closely miss the ogre.
The ogre is heavily wounded.
You closely miss the ogre.
The ogre is heavily wounded.
The ogre hits you with a giant club.
You hit the ogre but do no damage.
There is a sudden explosion of sparks!
The ogre is severely wounded.
The ogre barely misses you.
You hit the ogre.
The ogre is almost dead.
The ogre hits you with a giant club!!
Ouch! That really hurt!
You die...

##.## ##...# #...#
###.#### #._.# #._.#
####...# ##...####...#
.###._.###.###.##.####
#.##...##.#####..##
##.##.##.####..#.##
###.#.#.####.####.####
..##...##...######...#
_....<...._.....@O._.#
..##...##...######...#
###.#.#.##### ##.####
##.##.##.## ##O##
#.##...##.## ##.##
.###._.###.###.## ##
#...####...## #
####.###._.# ##
##O##...#


You could see an ogre.

Vanquished Creatures
  A worker ant (Temple)
  An adder (D:2)
  A leopard gecko (D:1)
  7 bats
  2 goblins (D:1)
  2 hobgoblins (D:2)
  A frilled lizard (D:1)
  5 kobolds (D:1)
  4 rats
24 creatures vanquished.

Vanquished Creatures (collateral kills)
  2 hobgoblins (D:1)
2 creatures vanquished.

Grand Total: 26 creatures vanquished

Notes
Turn   | Place    | Note
-------+----------+-------------------------------------------
     0 | D:1      | GordonOverkill the Formicid Necromancer began the quest for the Orb.
     0 | D:1      | Reached XP level 1. HP: 13/13 MP: 3/3
   319 | D:1      | Reached skill level 1 in Fighting
   346 | D:1      | Learned a level 1 spell: Animate Skeleton
   468 | D:1      | Reached XP level 2. HP: 11/22 MP: 1/5
  1433 | D:2      | Found a glowing golden altar of the Shining One.
  1443 | D:2      | Reached XP level 3. HP: 28/28 MP: 1/6
  1787 | D:2      | Noticed Sigmund
  1831 | D:2      | You fall through a shaft for 2 floors!
  1831 | D:4      | Found a staircase to the Ecumenical Temple.
  1831 | D:4      | Noticed an ogre
  1834 | Temple   | Entered the Ecumenical Temple
  2257 | Temple   | Reached skill level 1 in Maces & Flails
  2257 | Temple   | Reached XP level 4. HP: 15/35 MP: 4/7
  2768 | Temple   | Mangled by an ogre

Skill      XL: |  1  2  3 |
---------------+----------+-----
Fighting       | 1 2 3 |  3.2
Maces & Flails | 1 |  1.5
Dodging        | |  1.7
Stealth        | |  2.4
Spellcasting   | |  2.1
Necromancy     | |  4.0

Action                   |  1- 3 |  4- 6 || total
-------------------------+-------+-------++-------
Melee: Short sword       |    30 |       ||    30
       Unarmed           |     1 |       ||     1
       Whip              |    40 |    10 ||    50
 Cast: Pain              |    22 |     5 ||    27
       Animate Skeleton  |     8 |       ||     8
 Abil: Shaft Self        |     1 |       ||     1
  Use: Potion            |     1 |       ||     1
  Eat: Chunk             |     4 |       ||     4
       Royal jelly       |       |     1 ||     1
Armor: Leather armour    |    10 |       ||    10
       Ring mail         |    29 |       ||    29
Dodge: Dodged            |    55 |    10 ||    65
